 Dungeon Crawl Stone Soup version 0.29.0-13-gc9e81de378 (webtiles) character file.

Game seed: 5488117827580447949

67 mcbry74 the Trooper (level 4, -8/40 HPs)
             Began as a Hill Orc Fighter on Sept 9, 2022.
             Was a Believer of Cheibriados.
             Mangled by a large abomination (13 damage)
             ... on level 1 of the Abyss.
             The game lasted 00:07:17 (1634 turns).

mcbry74 the Trooper (Hill Orc Fighter)              Turns: 1634, Time: 00:07:18

Health: -8/40      AC:  7    Str: 24    XL:     4   Next: 18%
Magic:  4/4        EV:  9    Int: 12    God:    Cheibriados [**....]
Gold:   103        SH:  5    Dex: 14    Spells: 3/3 levels left

rFire   . . .      SeeInvis .   a - +0 war axe
rCold   . . .      Faith    .   c - +0 buckler
rNeg    . . .      Spirit   .   b - +0 scale mail
rPois   .          Reflect  .   (no helmet)
rElec   .          Harm     .   (no cloak)
rCorr   .          Rampage  .   (no gloves)
Will    .....                   (no boots)
Stlth   ..........              (no amulet)
HPRegen 0.13/turn               (no ring)
MPRegen 0.09/turn               (no ring)

@: very slow
A: no striking features
a: Renounce Religion, Bend Time


You were on level 1 of the Abyss.
You worshipped Cheibriados.
Cheibriados was pleased with you.
You visited 1 branch of the dungeon, and saw 3 of its levels.
You visited the Abyss 1 time.

You collected 103 gold pieces.

Inventory:

Hand Weapons
 a - a +0 war axe (weapon)
 m - the +6 dagger "Dahed" {flame, rElec rF+}
   (You found it on level 2 of the Dungeon)

   It burns those it strikes, dealing additional fire damage.
   rF:        It protects you from fire.
   rElec:     It insulates you from electricity.
Missiles
 e - 4 poisoned darts (quivered)
 i - a throwing net
Armour
 b - a +0 scale mail (worn)
 c - a +0 buckler (worn)
Magical Staves
 g - a staff of poison
Scrolls
 f - 2 scrolls of teleportation {unknown}
 j - a scroll of identify {unknown}
 k - a scroll of blinking {unknown}
Potions
 d - a potion of might
 h - a potion of heal wounds {unknown}
 l - a potion of curing {unknown}


   Skills:
 - Level 4.1 Fighting
 * Level 3.9 Axes
 + Level 3.9 Armour
 + Level 3.8 Shields


You had 3 spell levels left.
You didn't know any spells.
Your spell library contained the following spells:

 Spells                   Type           Power      Damage    Failure   Level
 Scorch                   Fire           0%         2d5       83%         2
 Flame Wave               Conj/Fire      0%         2d4       100%        4
 Summon Cactus Giant      Summ           0%         N/A       100%        6


Dungeon Overview and Level Annotations

Branches:
Dungeon (3/15)

Altars:
Cheibriados

Shops:
D:2 [


Message History

Cheibriados appreciates the change of pace. 2 orcs come into view.
An orc is wielding a +0 hand axe of distortion.
Found a lumpy grey potion.
The orc shouts! x2; You hear a shout!
An orc comes into view. It is wielding a +0 whip.
You start waiting.
An orc is nearby!
You closely miss the orc. The orc hits you but does no damage.
Space warps horribly around you!
You hit the orc.
The orc is moderately wounded.
The orc hits you with a +0 hand axe of distortion.
You blink.
You hit the orc.
The orc is heavily wounded.
The orc hits you with a +0 hand axe of distortion.
Space warps horribly around you!
* * * LOW HITPOINT WARNING * * *
You closely miss the orc.
The orc is heavily wounded.
You closely miss the orc.
The orc is heavily wounded.
You barely miss the orc. The orc closely misses you.
The orc hits you but does no damage. You block the orc's attack.
The orc hits you but does no damage.
You are cast into the Abyss!
This branch contains the abyssal rune of Zot.
You start resting.
A large abomination comes into view.
The large abomination attacks as you move away!
You block the large abomination's attack.
You block the large abomination's attack.
The large abomination attacks as you move away!
The large abomination hits you!!
* * * LOW HITPOINT WARNING * * *
The large abomination hits you but does no damage.
The large abomination attacks as you move away!
The large abomination hits you!
You die...

.##.#..###.##
.........#. #
..#.#......#
. ..#
#.###.#.###.#
.. ........#
. ... .###
#..## . .
##.##...#..#.
.
#..#X......#
. ##.@....##
# #....##...#
.. #...##
###..# #. ###
.#.. #..##
#.# ##


You could see a large abomination.

Vanquished Creatures
  2 adders
  A worm (D:2)
  4 dart slugs
  3 endoplasms (D:1)
  3 giant cockroaches
  6 goblins
  2 hobgoblins
  A quokka (D:1)
  2 ball pythons (D:2)
  A bat (D:2)
  4 frilled lizards
  3 kobolds (D:1)
  8 rats
40 creatures vanquished.

Notes
Turn   | Place    | Note
-------+----------+-------------------------------------------
     0 | D:1      | mcbry74 the Hill Orc Fighter began the quest for the Orb.
     0 | D:1      | Reached XP level 1. HP: 19/19 MP: 1/1
   133 | D:1      | Reached XP level 2. HP: 24/27 MP: 2/2
   137 | D:1      | Found a faded altar of an unknown god.
   156 | D:1      | Prayed at the altar of an unknown god.
   156 | D:1      | Became a worshipper of Cheibriados the Contemplative
   156 | D:1      | Reached * piety under Cheibriados
   281 | D:1      | Reached skill level 4 in Fighting
   643 | D:1      | Reached XP level 3. HP: 33/33 MP: 3/3
   877 | D:2      | Identified the +6 dagger "Dahed" {flame, rElec rF+}
  1059 | D:2      | Reached ** piety under Cheibriados
  1270 | D:2      | Found Xidoc's Antique Armour Shop.
  1337 | D:2      | Reached XP level 4. HP: 37/40 MP: 4/4
  1551 | Abyss:1  | Cast into level 1 of the Abyss (orc)
  1621 | Abyss:1  | Noticed a large abomination
  1634 | Abyss:1  | Mangled by a large abomination

Illustrated notes

Levels and vault maps discovered:
D:1:      tarquinn_simple_flora_water_b, layout_basic,
          ebering_ecumenical_altar_abandoned
D:2:      layout_loops_ring, serial_shops, shop
D:3:      layout_loops_cross, kennysheep_cross_room, uniq_ijyb,
          uniq_crazy_yiuf_cottage, uniq_terence
Abyss:1:  base:
D:2

Skill      XL: |  1  2 |
---------------+-------+-----
Axes           | 3 |  3.9
Fighting       | 4 |  4.1
Armour         | |  3.9
Shields        | |  3.8

Action                   |  1- 3 |  4- 6 || total
-------------------------+-------+-------++-------
Melee: War axe           |    92 |     8 ||   100
Armor: Scale mail        |    26 |     5 ||    31
Dodge: Dodged            |    35 |     1 ||    36
Block: Buckler           |    21 |     5 ||    26
